 Dungeon Crawl Stone Soup version 0.31-a0-750-gfe7b580527 (webtiles) character file.

Game seed: 2265345419508673557

2869 jakob the Reanimator (level 9, -3/62 HPs)
             Began as a Demonspawn Necromancer on Sept 13, 2023.
             Was an Elder of Wu Jian.
             Succumbed to a gnoll sergeant's poison
             ... on level 7 of the Dungeon on Sept 14, 2023.
             The game lasted 00:30:42 (3781 turns).

jakob the Reanimator (Demonspawn Necromancer)       Turns: 3781, Time: 00:30:43

Health: -3/62      AC:  8    Str: 15    XL:     9   Next: 47%
Magic:  24/29      EV: 13    Int: 18    God:    Wu Jian [****..]
Gold:   311        SH:  4    Dex: 13    Spells: 22/23 levels left

rFire   . . .        n - +5 quarterstaff of Melee {heavy, rCorr Str+3 SInv}
rCold   . . .        (shield currently unavailable)
rNeg    . . .        s - +2 robe {Will+}
rPois   .            (no helmet)
rElec   .            (no cloak)
rCorr   +            e - +3 pair of gauntlets of War {Slay+5}
SInv    +            (no boots)
Will    +....        (no amulet)
Stlth   ++           f - ring of magical power
HPRegen 0.30/turn    j - ring of wizardry
MPRegen 0.21/turn

%: wizardry (x1)
@: lethally poisoned (-3 -> -15), corroded
A: hooves 2, icemail 1, spiny 2, condensation shield
a: Renounce Religion, Wall Jump, Serpent's Lash


You were on level 7 of the Dungeon.
You worshipped Wu Jian.
Wu Jian was greatly pleased with you.
You visited 1 branch of the dungeon, and saw 7 of its levels.
You also visited: Ossuary.

You collected 311 gold pieces.

Inventory:

Hand Weapons
 k - a +1 vampiric spear
 l - a +4 short sword of speed
 n - the +5 quarterstaff of Melee (weapon) {heavy, rCorr Str+3 SInv}
   (You took it off a gnoll on level 5 of the Dungeon)

   Str+3:     It affects your strength (+3).
   SInv:      It lets you see invisible.
   rCorr:     It protects you from acid and corrosion.
Missiles
 m - 4 throwing nets
Armour
 a - a +0 robe
 e - the +3 pair of gauntlets of War (worn) {Slay+5}
   (You found it on level 3 of the Dungeon)

   Slay+5:    It affects your accuracy & damage with ranged weapons and melee
   (+5).
 r - a +2 buckler of fire resistance
 s - a +2 robe of willpower (worn)
Magical Staves
 g - a staff of conjuration
Jewellery
 f - a ring of magical power (left hand)
 j - a ring of wizardry (right hand)
 t - a ring of see invisible
 v - a ring of poison resistance
Talismans
 p - a serpent talisman
Wands
 d - a wand of iceblast (7)
 o - a wand of flame (24)
Scrolls
 i - 3 scrolls of enchant weapon
 q - a scroll of poison
Potions
 b - a potion of magic
 c - 4 potions of might
 u - 2 potions of haste
 w - a potion of degeneration {unknown}
 z - a potion of curing
 B - a potion of enlightenment


   Skills:
 + Level 2.5 Fighting
 + Level 0.1 Short Blades
 + Level 0.2(2.2) Maces & Flails
 + Level 1.2(2.6) Polearms
 + Level 3.6(3.7) Staves
 + Level 3.5 Dodging
 + Level 2.6 Stealth
 + Level 1.4 Shields
 + Level 7.7 Spellcasting
 + Level 9.4 Necromancy


You had 22 spell levels left.
You knew the following spells:

 Your Spells              Type           Power      Damage    Failure   Level
a - Necrotise             Necr           100%       1d9       1%          1

Your spell library contained the following spells:

 Spells                   Type           Power      Damage    Failure   Level
 Vampiric Draining        Necr           40%        2d8       1%          3
 Animate Dead             Necr           40%        N/A       1%          4
 Agony                    Necr           40%        N/A       2%          5
 Wereblood                Tmut           6%         N/A       6%          2
 Inner Flame              Hex/Fire       6%         N/A       12%         3
 Flame Wave               Conj/Fire      6%         2d5       36%         4
 Sticky Flame             Conj/Fire      6%         2d3       36%         4
 Irradiate                Conj/Tmut      3%         3d12      69%         5


Dungeon Overview and Level Annotations

Branches:
Dungeon (7/15)             Temple (0/1) D:6         Ossuary (visited)

Altars:
Wu Jian

Shops:
D:1 =

Annotations:
D:7 1 transporter


Innate Abilities, Weirdness & Mutations

You have hoof-like feet.
A meltable icy envelope protects you from harm. (AC +4)
You are mostly covered in sharp spines.
A meltable shield of frost defends you. (SH +4)


Message History

Aim: a gnoll sergeant, wielding a +0 vampiric spear, wearing a +1 ring mail and wearing a +1 buckler (heavily wounded, chance to affect: 83%)
The gnoll sergeant writhes in agony.
The gnoll sergeant hits you but does no damage.
Aiming: Necrotise (safe; 1% risk of failure)
Press: ? - help, Q - select action, (/) - cycle Shift-Dir - straight line, f/p - gnoll sergeant
Aim: a gnoll sergeant, wielding a +0 vampiric spear, wearing a +1 ring mail and wearing a +1 buckler (severely wounded, chance to affect: 83%)
The gnoll sergeant writhes in agony.
The gnoll sergeant hits you but does no damage.
Aiming: Necrotise (safe; 1% risk of failure)
Press: ? - help, Q - select action, (/) - cycle Shift-Dir - straight line, f/p - gnoll sergeant
Aim: a gnoll sergeant, wielding a +0 vampiric spear, wearing a +1 ring mail and wearing a +1 buckler (severely wounded, chance to affect: 83%)
The gnoll sergeant writhes in agony.
The gnoll sergeant hits you from afar with a +0 vampiric spear!
The gnoll sergeant draws strength from your wounds!
The gnoll sergeant hits you from afar with a +0 vampiric spear.
The gnoll sergeant draws strength from your wounds!
The gnoll sergeant closely misses you.
Things that are here:
a +0 spear; a wand of mindburst (17)
Aiming: Necrotise (safe; 1% risk of failure)
Press: ? - help, Q - select action, (/) - cycle Shift-Dir - straight line, f/p - gnoll sergeant
Aim: a gnoll sergeant, wielding a +0 vampiric spear, wearing a +1 ring mail and wearing a +1 buckler (severely wounded, chance to affect: 83%)
The gnoll sergeant writhes in agony!
You kill the gnoll sergeant!
The Council accepts your kill.
The dead are walking!
The gnoll zaps a wand.
The bolt of acid hits you. You resist.
* * * LOW HITPOINT WARNING * * *
The gnoll zaps a wand.
The bolt of acid hits you! You resist.
* * * LOW HITPOINT WARNING * * *
The acid corrodes you!
Something hits your gnoll sergeant skeleton!
You lunge at the gnoll sergeant.
You hit the gnoll sergeant.
The gnoll sergeant is lightly wounded.
The gnoll sergeant hits you with a +2 spear of venom!
* * * LOW HITPOINT WARNING * * *
You are lethally poisoned!
You sock the gnoll sergeant! Your kick misses the gnoll sergeant.
The gnoll sergeant is severely wounded.
You die...

........................#
≈≈≈≈≈≈≈≈≈~≈≈≈≈≈≈≈≈≈≈≈≈..#
≈≈≈≈≈≈≈≈≈~≈≈≈≈≈≈≈≈≈≈≈≈..#
##...........#####≈≈..#
g..#.###.©.###.#...#≈≈..#
.. ###g#####.###...#≈≈..#
# ..............###≈≈..#
.######'######g#8.≈≈..#
#.#$)W#8..#P⌠P#@##.≈≈..#
g +$.:#⌠©.....+g.#.~~..#
##.#$()#8..#P⌠P#.##.≈≈..#
######)######.#8.≈≈..#
.......)..g.)Z)###≈≈..#
.###.#####©###...#≈≈..#
.#.###.©.###.#...#≈≈..#
##...........#####≈≈..#
≈≈≈≈≈≈...≈≈≈≈≈≈≈≈≈≈≈..#


You could see a gnoll sergeant, a gnoll (ally target) and a friendly gnoll
sergeant skeleton.

Vanquished Creatures
  The ghost of pigah the Mimic, a novice OpSh of Gozag (D:7)
  Edmund (D:5)
  2 water moccasins
  3 black bears
  2 ogres
  2 phantoms (D:6)
  A bullfrog (D:6)
  2 gnoll sergeants
  3 scorpions
  2 orc priests
  A jelly (D:5)
  A sleepcap (D:6)
  3 gnoll boudas
  3 hounds
  Ijyb (D:3)
  Jessica (D:3)
  2 iguanas
  Natasha (thrice) (D:3)
  2 orc wizards
  4 mummies (Ossuary)
  18 gnolls
  4 adders
  2 white imps
  2 ufetubi
  2 worms (D:2)
  3 dart slugs
  28 orcs
  3 endoplasms
  4 giant cockroaches
  3 gnoll zombies (Ossuary)
  7 goblins
  8 hobgoblins
  A jackal (D:5)
  4 kobolds
  A quokka (D:2)
  6 ball pythons
  A bat (D:1)
  4 frilled lizards
  6 goblin skeletons (Ossuary)
  10 goblin zombies
  4 hobgoblin skeletons (Ossuary)
  3 hobgoblin zombies (Ossuary)
  4 kobold skeletons (Ossuary)
  3 kobold zombies (Ossuary)
  9 orc skeletons (Ossuary)
  4 orc zombies (Ossuary)
  3 rats
  2 rat skeletons (Ossuary)
  4 rat zombies (Ossuary)
193 creatures vanquished.

Vanquished Creatures (collateral kills)
  A water moccasin (D:6)
  A kobold brigand (D:5)
  A dart slug (D:5)
  A hobgoblin (D:4)
  2 jackals (D:5)
  A rat (D:1)
7 creatures vanquished.

Grand Total: 200 creatures vanquished

Notes
Turn   | Place    | Note
-------+----------+-------------------------------------------
     0 | D:1      | jakob the Demonspawn Necromancer began the quest for the
                  | Orb.
     0 | D:1      | Reached XP level 1. HP: 13/13 MP: 3/3
   438 | D:1      | Found Miarargh's Jewellery Boutique.
   445 | D:1      | Gained mutation: You are partially covered in sharp spines.
                  | [demonic ancestry]
   445 | D:1      | Reached XP level 2. HP: 12/19 MP: 5/5
   712 | D:2      | Reached skill level 5 in Necromancy
   799 | D:2      | Gained mutation: You have large cloven feet. [demonic
                  | ancestry]
   799 | D:2      | Reached XP level 3. HP: 20/24 MP: 6/6
   851 | D:3      | Found the +3 pair of gauntlets of War {Slay+5}
   853 | D:3      | Noticed a scorpion
   872 | D:3      | Killed a scorpion
   873 | D:3      | Reached skill level 1 in Polearms
   873 | D:3      | Gained mutation: A meltable shield of frost defends you.
                  | (SH +4) [demonic ancestry]
   873 | D:3      | Reached XP level 4. HP: 5/31 MP: 8/8
  1025 | D:3      | Noticed Ijyb
  1037 | D:3      | Killed Ijyb
  1046 | D:3      | Noticed Natasha
  1072 | D:3      | Killed Natasha
  1073 | D:3      | Reached XP level 5. HP: 23/36 MP: 9/9
  1101 | D:3      | Noticed Jessica
  1113 | D:3      | Killed Jessica
  1114 | D:3      | Reached skill level 6 in Necromancy
  1142 | D:3      | Noticed Natasha
  1152 | D:3      | Killed Natasha
  1316 | D:3      | Noticed Natasha
  1320 | D:3      | Upgraded the game from 0.31-a0-744-gbc345e7fcb to
                  | 0.31-a0-750-gfe7b580527
  1326 | D:3      | Killed Natasha
  1420 | D:3      | Found an ornate altar of the Wu Jian Council.
  1429 | D:3      | Became a worshipper of the Wu Jian Council
  1488 | D:3      | Gained mutation: You have hoof-like feet. [demonic
                  | ancestry]
  1488 | D:3      | Reached XP level 6. HP: 34/42 MP: 11/11
  1618 | D:4      | Reached skill level 1 in Fighting
  1786 | D:4      | Reached * piety under Wu Jian
  1876 | D:4      | Noticed a water moccasin
  1896 | D:4      | Killed a water moccasin
  2034 | D:5      | Entered Level 5 of the Dungeon
  2083 | D:5      | Gained mutation: You are mostly covered in sharp spines.
                  | [demonic ancestry]
  2083 | D:5      | Reached XP level 7. HP: 30/48 MP: 13/13
  2130 | D:5      | Reached skill level 5 in Spellcasting
  2136 | D:5      | Reached skill level 7 in Necromancy
  2154 | D:5      | Identified the +5 quarterstaff of Melee {heavy, rCorr Str+3
                  | SInv}
  2286 | D:5      | Reached skill level 1 in Shields
  2399 | D:5      | Gained mutation: A meltable icy envelope protects you from
                  | harm. (AC +4) [demonic ancestry]
  2399 | D:5      | Reached XP level 8. HP: 34/54 MP: 16/16
  2483 | D:5      | Reached ** piety under Wu Jian
  2493 | D:5      | Reached skill level 8 in Necromancy
  2598 | D:5      | Noticed Edmund
  2608 | D:5      | Killed Edmund
  2609 | D:5      | Reached skill level 1 in Staves
  2686 | D:5      | Identified the +0 ring mail of Puckish Music {rPois rCorr}
  2795 | D:6      | Reached skill level 9 in Necromancy
  2870 | D:6      | Found a staircase to the Ecumenical Temple.
  2881 | D:6      | Reached XP level 9. HP: 53/61 MP: 19/19
  2994 | D:7      | Found a sand-covered staircase.
  3004 | Ossuary  | Entered an ossuary
  3067 | Ossuary  | Reached *** piety under Wu Jian
  3283 | Ossuary  | Reached **** piety under Wu Jian
  3627 | D:7      | Noticed pigah's ghost (novice OpSh)
  3721 | D:7      | Found a transporter.
  3722 | D:7      | Found a transporter.
  3741 | D:7      | Killed pigah's ghost
  3780 | D:7      | HP: 1/62 [gnoll sergeant/+2 spear of venom (7)]
  3781 | D:7      | Succumbed to a gnoll sergeant's poison

Illustrated notes

Levels and vault maps discovered:
D:1:      dpeg_arrival_stone_temple_mockup, layout_loops_corners,
          nicolae_ecumenical_lake_church, serial_shops, nicolae_shop_stone
D:2:      layout_basic, uniq_sigmund
D:3:      layout_loops_ring, nzn_wu_jian_council_hall, fedhas_altar_2,
          mainiacjoe_overflow_small_starburst, feat_on_display, uniq_natasha,
          uniq_ijyb, uniq_jessica
D:4:      cheibrodos_greedy_goblins, layout_cave_pods, grunt_ministairs_11,
          grunt_decor_mini_mirrors, nicolae_the_louvre, uniq_menkaure
D:5:      kennysheep_spiral_hall, layout_cave_pools, serial_gnoll_camp,
          gnoll_camp_medium_01, gnoll_camp_mini_basic, gnoll_camp_mini_hut,
          gnoll_camp_mini_hut, gnoll_camp_mini_doghouse, serial_shops,
          nicolae_shop_window_shopping, uniq_edmund
D:6:      layout_cave_pools, minmay_temple_entry_water_ring
D:7:      layout_basic, lemuel_coloured_pillars_altar,
          gammafunk_ghost_gnarly_gnolls, enter_ossuary_4, minmay_between,
          uniq_joseph

Skill      XL: |  1  2  3  4  5  6  7  8  9 |
---------------+----------------------------+-----
Stealth        | 2 |  2.6
Necromancy     | 5 6 7 9 |  9.4
Polearms       | 1 |  1.2
Spellcasting   | 3 4 5 7 |  7.7
Dodging        | 2 3 |  3.5
Fighting       | 1 2 |  2.5
Shields        | 1 |  1.4
Staves         | 1 3 |  3.6
Short Blades   | |  0.1
Maces & Flails | |  0.2

Action                     |  1- 3 |  4- 6 |  7- 9 || total
---------------------------+-------+-------+-------++-------
  Melee: Club              |    15 |       |       ||    15
         Spear             |    19 |    25 |       ||    44
         Punch             |     1 |       |       ||     1
         Kick              |       |     8 |    22 ||    30
         Short sword       |       |     3 |     9 ||    12
         Quarterstaff      |       |       |   102 ||   102
   Cast: Necrotise         |    33 |    79 |   134 ||   246
Ability: Whirlwind         |       |     3 |    27 ||    30
         Lunge             |       |     2 |     9 ||    11
         Wall Jump         |       |       |     1 ||     1
    Use: Scroll            |     3 |     4 |     7 ||    14
         Potion            |     2 |     1 |     4 ||     7
   Stab: Distracted        |       |     1 |       ||     1
         Invisible         |       |       |     1 ||     1
 Armour: Robe              |    38 |    62 |   109 ||   209
  Dodge: Dodged            |    39 |    57 |   117 ||   213
  Block: Other             |       |    19 |    26 ||    45

Table legend: (Time is in decaauts)
 A = Elapsed time spent in this place.
 B = Non-inter-level travel time spent in this place.
 C = Inter-level travel time spent in this place.
 D = Time resting spent in this place.
 E = Time spent auto-exploring this place.
 F = Levels seen in this place.
 G = Mean time per level.
                   A        B        C        D        E       F      G
               +--------+--------+--------+--------+--------+-----+--------+
         Total |   3846 |   3803 |     43 |      0 |      0 |   8 |  480.8 |
       Dungeon |   3441 |   3398 |     43 |      0 |      0 |   7 |  491.6 |
       Ossuary |    404 |    404 |      0 |      0 |      0 |   1 |  404.0 |
               +--------+--------+--------+--------+--------+-----+--------+

Top non-repeatable levels by time:
     D:3: 801 daAuts
     D:5: 668 daAuts
     D:1: 513 daAuts
     D:7: 453 daAuts
     D:4: 419 daAuts
 Ossuary: 404 daAuts
     D:2: 303 daAuts
     D:6: 282 daAuts
